 Dungeon Crawl Stone Soup version 0.29.1-12-g30fa7ad0bf (webtiles) character file.

Game seed: 15615770406189964746

34 EarthwalkerPL the Trooper (level 3, 0/33 HPs)
             Began as a Minotaur Fighter on Jan 5, 2023.
             Slain by a gnoll
             ... wielding a +0 club
              (4 damage)
             ... on level 2 of the Dungeon.
             The game lasted 00:01:10 (873 turns).

EarthwalkerPL the Trooper (Minotaur Fighter)         Turns: 873, Time: 00:01:10

Health: 0/33       AC:  8    Str: 22    XL:     3   Next: 14%
Magic:  2/2        EV:  9    Int:  5    God:
Gold:   36         SH:  4    Dex:  9    Spells: 2/2 levels left

rFire   . . .      SeeInvis .   a - +0 war axe
rCold   . . .      Faith    .   c - +0 buckler
rNeg    . . .      Spirit   .   b - +0 scale mail
rPois   .          Reflect  .   (helmet restricted)
rElec   .          Harm     .   i - +0 cloak
rCorr   .          Rampage  .   (no gloves)
Will    .....                   (no boots)
Stlth   ..........              (no amulet)
HPRegen 0.11/turn               (no ring)
MPRegen 0.08/turn               (no ring)

@: no status effects
A: horns 2, retaliatory headbutt
a: no special abilities


You were on level 2 of the Dungeon.
You visited 1 branch of the dungeon, and saw 2 of its levels.

You collected 36 gold pieces.

Inventory:

Hand Weapons
 a - a +0 war axe (weapon)
Missiles
 j - 4 poisoned darts (quivered)
Armour
 b - a +0 scale mail (worn)
 c - a +0 buckler (worn)
 i - a +0 cloak (worn)
Scrolls
 h - a scroll of enchant armour {unknown}
Potions
 d - a potion of might
 e - a potion of invisibility {unknown}
 f - a potion of cancellation {unknown}
 g - a potion of berserk rage {unknown}
 k - a potion of haste {unknown}
 l - a potion of mutation {unknown}


   Skills:
 * Level 4.2 Fighting
 * Level 3.1 Axes
 * Level 4.1 Armour
 + Level 3.8 Shields


You had 2 spell levels left.
You didn't know any spells.
Your spell library was empty.

Dungeon Overview and Level Annotations

Branches:
Dungeon (2/15)

Altars:
Vehumet


Innate Abilities, Weirdness & Mutations

You have a pair of horns on your head.
You reflexively headbutt those who attack you in melee.


Message History

You hit the endoplasm.
You kill the endoplasm!
You hit the plant.
The plant begins to die.
A kobold comes into view. It is wielding a +0 club.
You barely miss the gnoll.
The kobold shouts!
You hit the plant. The gnoll hits you but does no damage.
The gnoll closely misses you.
You closely miss the gnoll. Your headbutt misses the gnoll.
You completely miss the plant.
A nearby plant withers and dies. x2
A worm comes into view.
The gnoll hits you but does no damage.
The ball python bites you but does no damage.
The ball python grabs you. The ball python constricts you.
You barely miss the ball python. Your headbutt misses the ball python.
You hit the gnoll but do no damage. You closely miss the quokka.
The gnoll hits you with a +0 club.
The ball python bites you but does no damage.
The ball python constricts you. The quokka bites you.
You closely miss the ball python. You hit the gnoll but do no damage.
You closely miss the quokka. The ball python bites you.
The ball python constricts you. The gnoll hits you with a +0 club.
The quokka barely misses you. You furiously retaliate!
You headbutt the quokka!
You kill the quokka!
The ball python bites you but does no damage.
The ball python constricts you. The gnoll barely misses you.
You are too injured to fight recklessly!
You are too injured to fight recklessly!
You barely miss the gnoll. You hit the ball python.
You kill the ball python!
You hit the kobold.
You kill the kobold!
The gnoll hits you but does no damage.
You closely miss the gnoll. Your headbutt misses the gnoll.
The gnoll hits you with a +0 club!
* * * LOW HITPOINT WARNING * * *
The gnoll hits you with a +0 club.
* * * LOW HITPOINT WARNING * * *
You barely miss the gnoll. The gnoll hits you with a +0 club.
You die...

. #.#..# P.... ♣♣
♣#.#..# .. ....
♣..P#.....# .P.
..8P.♣.♣#.<...#
.......♣.♣.♣♣.....#
P#...#..P..♣.#....+
.......w.♣♣.♣##...#
P.._..♣.♣♣..# ...#
.......g@♣♣†## .###
.#§..#♣)...†.# .#
P§.....♣.♣......#
P§.#....P♣P..##.#
.....♣♣♣P♣.# #
P...♣. ♣♣♣## .♣....
.♣♣!. .


You could see a worm and a gnoll.

Vanquished Creatures
  A worm (D:2)
  A dart slug (D:1)
  4 endoplasms
  A giant cockroach (D:1)
  2 hobgoblins (D:1)
  5 kobolds
  3 quokkas
  4 ball pythons
  2 bats (D:1)
  A frilled lizard (D:1)
  2 rats (D:1)
26 creatures vanquished.

Vanquished Creatures (others)
  10 plants (D:2)
10 creatures vanquished.

Grand Total: 36 creatures vanquished

Notes
Turn   | Place    | Note
-------+----------+-------------------------------------------
     0 | D:1      | EarthwalkerPL the Minotaur Fighter began the quest for the
                  | Orb.
     0 | D:1      | Reached XP level 1. HP: 19/19 MP: 0/0
   189 | D:1      | Reached XP level 2. HP: 27/27 MP: 1/1
   718 | D:1      | Found a faded altar of an unknown god.
   858 | D:2      | Found a radiant altar of Vehumet.
   862 | D:2      | Reached XP level 3. HP: 22/33 MP: 2/2
   873 | D:2      | Slain by a gnoll

Illustrated notes

Levels and vault maps discovered:
D:1:      dpeg_arrival_connections, layout_loops_ring,
          dreamdust_ecumenical_altar_hidden_monk_grotto
D:2:      wad_woods_stonehenge, layout_basic, nrook_mini_vaults, uniq_natasha

Skill      XL: |  1  2 |
---------------+-------+-----
Fighting       | 4 |  4.2
Armour         | 4 |  4.1
Axes           | 3 |  3.1
Shields        | |  3.8

Action                   || total
-------------------------++-------
Melee: War axe           ||    50
       Headbutt          ||     4
Armor: Scale mail        ||    23
Dodge: Dodged            ||    19
Block: Buckler           ||     3
